 Dungeon Crawl Stone Soup version 0.30-a0-140-gd1020e658a (webtiles) character file.

Game seed: 1521179669769593327

7081 KennySheep the Covert (level 11, -1/97 HPs)
             Began as a Naga Earth Elementalist on Sept 24, 2022.
             Was a Believer of Ashenzari.
             Slain by a vampire (4 damage)
             ... on level 9 of the Dungeon.
             The game lasted 01:08:00 (11451 turns).

KennySheep the Covert (Naga Earth Elementalist)    Turns: 11451, Time: 01:08:01

Health: -1/97      AC: 13    Str: 11    XL:     11   Next: 9%
Magic:  10/14      EV:  7    Int: 15    God:    Ashenzari [**....]
Gold:   675        SH:  5    Dex: 13    Spells: 4/14 levels left

rFire   + . .      SeeInvis +    n - +3 dagger of the Chained Anxiety {venom, Evo, Melee} (curse)
rCold   . . .      Faith    .    c - +0 buckler of Supernal Understanding {Melee, Evo} (curse)
rNeg    . . .      Spirit   .    q - +5 scale mail "Wagaocug" {rPois rF+ Dex-3 SInv}
rPois   +          Reflect  .    z - +0 hat "Per Aspera Ad Scientiam" {Melee, Alch} (curse)
rElec   .          Harm     .    v - +0 cloak of Star-Bound Wisdom {Elem, Evo} (curse)
rCorr   .          Rampage  .    (no gloves)
Will    +....                    (no barding)
Stlth   ++++......               (no amulet)
HPRegen 0.26/turn                (no ring)
MPRegen 0.14/turn                (no ring)

@: very slow
A: AC +3, large, see invisible, deformed body, poison resistance, slowness 2,
spit poison 1, naga tail 1
a: Spit Poison, Renounce Religion, Shatter the Chains


You were on level 9 of the Dungeon.
You worshipped Ashenzari.
Ashenzari was pleased with you.
You visited 1 branch of the dungeon, and saw 9 of its levels.
You also visited: Bailey.

You collected 730 gold pieces.
You spent 55 gold pieces at shops.

Inventory:

Hand Weapons
 e - a +0 dagger
 n - the cursed +3 dagger of the Chained Anxiety (weapon) {venom, Evo, Melee}
   (You took it off a deep elf pyromancer in a bailey)

   It poisons the flesh of those it strikes.
   It has a curse which improves the following skills: Evocations: Evocations.
   Melee Combat: Short Blades, Long Blades, Axes, Maces & Flails, Polearms,
   Staves and Unarmed Combat.
 C - a +3 short sword
 I - the +2 arbalest "Yxkaf" {vorpal, rC+}
   (You found it on level 9 of the Dungeon)

   Any ammunition fired from it inflicts extra damage upon your enemies.
   rC:        It protects you from cold.
Armour
 c - the cursed +0 buckler of Supernal Understanding (worn) {Melee, Evo}
   (You found it on level 1 of the Dungeon)

   It has a curse which improves the following skills: Melee Combat: Short
   Blades, Long Blades, Axes, Maces & Flails, Polearms, Staves and Unarmed
   Combat.
   Evocations: Evocations.
 q - the +5 scale mail "Wagaocug" (worn) {rPois rF+ Dex-3 SInv}
   (You found it in a bailey)

   Dex:       It affects your dexterity (-3).
   rF:        It protects you from fire.
   rPois:     It protects you from poison.
   SInv:      It lets you see invisible.
 v - the cursed +0 cloak of Star-Bound Wisdom (worn) {Elem, Evo}
   (You found it on level 4 of the Dungeon)

   It has a curse which improves the following skills: Elements: Fire Magic, Ice
   Magic, Air Magic and Earth Magic.
   Evocations: Evocations.
 z - the cursed +0 hat "Per Aspera Ad Scientiam" (worn) {Melee, Alch}
   (You found it on level 4 of the Dungeon)

   It has a curse which improves the following skills: Melee Combat: Short
   Blades, Long Blades, Axes, Maces & Flails, Polearms, Staves and Unarmed
   Combat.
   Alchemy:   Poison Magic and Transmutations.
 E - a +4 plate armour of cold resistance
 F - a +2 chain mail of willpower
Jewellery
 f - an amulet of guardian spirit
Wands
 a - a wand of flame (11)
 m - a wand of quicksilver (5)
Scrolls
 k - a scroll of blinking
 l - 4 scrolls of amnesia
 o - 4 scrolls of teleportation
 p - 3 scrolls of butterflies
 s - a scroll of immolation
 t - a scroll of brand weapon
 u - 2 scrolls of torment
 x - a scroll of magic mapping
 y - 2 scrolls of vulnerability
 A - a scroll of fear
 B - a scroll of enchant armour
 D - 2 scrolls of poison
Potions
 b - a potion of magic
 d - a potion of ambrosia
 g - 3 potions of mutation
 h - a potion of curing
 i - a potion of degeneration
 j - a potion of haste
 r - 3 potions of attraction
 G - a potion of brilliance
 H - a potion of lignification
 J - a potion of resistance
Miscellaneous
 w - a lightning rod (4/4)


   Skills:
 + Level 5.8 Fighting
 + Level 8.0(10.5) Short Blades
 * Level 2.6 Armour
 + Level 5.2 Dodging
 * Level 13.2 Stealth
 - Level 4.0 Shields
 - Level 2.0 Spellcasting
 + Level 4.8(6.0) Transmutations
 + Level 5.0(6.2) Earth Magic


You had 4 spell levels left.
You knew the following spells:

 Your Spells              Type           Power      Damage    Failure   Level
a - Sandblast             Erth           40%        2d10      12%         1
b - Petrify               Tmut/Erth      19%        N/A       77%         4
c - Stone Arrow           Conj/Erth      20%        3d8       78%         3
z - Passwall              Tmut/Erth      15%        N/A       19%         2

Your spell library contained the following spells:

 Spells                   Type           Power      Damage    Failure   Level
 Foxfire                  Conj/Fire      4%         2x1d4     83%         1
 Ignite Poison            Fire/Tmut/Pois 7%         N/A       89%         3
 Inner Flame              Hex/Fire       1%         N/A       99%         3
 Kindle Blastsparks       Fire/Tloc/Air  2%         2d10      99%         3
 Flame Wave               Conj/Fire      1%         2d4       100%        4
 Passage of Golubria      Tloc           1%         N/A       100%        4
 Sticky Flame             Conj/Fire      1%         2d3       100%        4
 Silence                  Hex/Air        0%         N/A       100%        5
 Lehudib's Crystal Spear  Conj/Erth      5%         10d3      100%        8


Dungeon Overview and Level Annotations

Branches:
Dungeon (9/15)             Temple (0/1) D:6          Bailey (visited)
   Lair: D:8-11         Orc: D:9-12

Altars:
Ashenzari
Cheibriados
Elyvilon
Nemelex Xobeh
Trog
Yredelemnul

Shops:
D:3 *([=   D:5 (   D:7 (

Annotations:
D:3 1 runed translucent door, Crazy Yiuf


Innate Abilities, Weirdness & Mutations

Your serpentine skin is tough. (AC +3)
You have supernaturally acute eyesight. (SInv)
Armour fits poorly on your strangely shaped body.
Your system is resistant to poisons. (rPois)
You cover ground very slowly.
You can spit poison.
You have a snake-like lower body.


Message History

You closely miss the vampire. You hit the vampire but do no damage.
You block the vampire's attack. The vampire barely misses you.
You hit the vampire.
The vampire is lightly damaged.
You closely miss the vampire.
The vampire is lightly damaged.
The vampire hits you.
* * * LOW HITPOINT WARNING * * *
The vampire bites you but does no damage.
You hit the vampire.
The vampire is lightly damaged.
You hit the vampire.
The vampire is moderately damaged.
The vampire barely misses you.
The vampire bites you but does no damage.
You hit the vampire.
The vampire is moderately damaged.
The vampire hits you but does no damage.
The vampire bites you.
* * * LOW HITPOINT WARNING * * *
The vampire draws strength from your injuries!
You hit the vampire but do no damage.
The vampire is lightly damaged.
You hit the vampire but do no damage.
The vampire is lightly damaged.
The vampire completely misses you. You block the vampire's attack.
You hit the vampire.
The vampire is moderately damaged.
Casting: Sandblast (safe; 12% risk of failure)
Confirm with . or Enter, or press ? or * to list all spells.
Aiming: Passwall (safe; 19% risk of failure)
Press: ? - help, Dir - move target, p - vampire A rock wall.
The vampire hits you but does no damage.
The vampire bites you but does no damage.
Your magical contamination has completely faded away.
You begin to meditate on the wall.
You continue meditating on the rock.
The vampire hits you.
You die...

....# #.# #.....# #.# #....##
#.###### #.# * #..[.... ###.#
######## #.... * # #.#.# # #.#.#
# #############
#@#.##############
.....)).....####V#...............
#####.#####.........#############
* #.#)#########.##.# , ..###l.z.#
#.##.# ###,#y###.# #.##.# * *.y{
# #.##.# #.#{#, , * #.##.# $. .y,
, , ..##.#


You could see a vampire (invisible).

Vanquished Creatures
  Erica (D:8)
  A deep elf pyromancer (Bailey)
  Maggie (D:9)
  Sigmund (D:3)
  3 wyverns
  2 steam dragons (D:7)
  A water moccasin (D:7)
  Duvessa (D:7)
  5 orc warriors (Bailey)
  2 sky beasts (D:7)
  A hornet zombie (D:6)
  An ice beast (D:7)
  3 black bears
  3 ogres
  2 centaurs (D:8)
  3 phantoms
  Blork the orc (D:5)
  3 necrophages
  5 bullfrogs
  4 scorpions
  A wyvern zombie (D:6)
  3 water moccasin zombies (D:6)
  9 wights
  Dowan (D:7)
  3 howler monkeys
  A centaur zombie (D:6)
  4 hounds
  3 jellies
  3 orc priests
  3 bullfrog zombies (D:6)
  A human zombie (D:6)
  A gnoll bouda (D:7)
  4 bullfrog skeletons (D:6)
  5 iguanas
  8 orc wizards
  2 killer bee zombies (D:6)
  2 mummies (D:6)
  A howler monkey zombie (D:6)
  8 gnolls
  A howler monkey skeleton (D:6)
  2 adders
  2 shadow imps
  2 ufetubi
  2 worms
  38 orcs
  6 endoplasms
  5 giant cockroaches
  16 goblins
  9 hobgoblins
  6 jackals
  4 quokkas
  6 ball pythons
  4 bats (D:1)
  3 frilled lizards
  10 kobolds
  11 rats
234 creatures vanquished.

Vanquished Creatures (others)
  An orc (D:7)
  A goblin (D:7)
  2 withered plants (D:6)
4 creatures vanquished.

Grand Total: 238 creatures vanquished

Notes
Turn   | Place    | Note
-------+----------+-------------------------------------------
     0 | D:1      | KennySheep the Naga Earth Elementalist began the quest for
                  | the Orb.
     0 | D:1      | Reached XP level 1. HP: 15/15 MP: 3/3
   263 | D:1      | Reached XP level 2. HP: 10/22 MP: 0/5
   699 | D:1      | Learned a level 2 spell: Passwall
   747 | D:1      | Reached XP level 3. HP: 30/30 MP: 3/6
  1102 | D:1      | Learned a level 3 spell: Stone Arrow
  1371 | D:1      | Reached skill level 1 in Short Blades
  1606 | D:2      | Reached XP level 4. HP: 37/37 MP: 4/7
  1645 | D:2      | Found a faded altar of an unknown god.
  2082 | D:2      | Reached skill level 1 in Fighting
  2344 | D:3      | Found Lal Vora's Jewellery Emporium.
  2350 | D:3      | Found Inisyri's Antique Armour Shop.
  2381 | D:3      | Reached skill level 4 in Stealth
  2381 | D:3      | Reached skill level 1 in Shields
  2381 | D:3      | Reached XP level 5. HP: 42/44 MP: 5/8
  2431 | D:3      | Found a broken altar of Ashenzari.
  2451 | D:3      | Identified the +8 flail "Sidosah" {drain, rF- Int+6}
  2458 | D:3      | Became a worshipper of Ashenzari the Shackled
  2546 | D:3      | Found Oxtelismeu's Antique Weapon Shoppe.
  2663 | D:3      | Noticed Sigmund
  2672 | D:3      | Killed Sigmund
  2673 | D:3      | Reached XP level 6. HP: 45/51 MP: 5/9
  2984 | D:3      | Reached skill level 5 in Stealth
  2995 | D:3      | Found Ewkuferu's General Store.
  3000 | D:3      | Bought a potion of heal wounds for 55 gold pieces
  3120 | D:3      | Found a runed translucent door.
  3121 | D:3      | Noticed Crazy Yiuf
  3558 | D:4      | Noticed a black bear
  3573 | D:4      | Reached XP level 7. HP: 38/58 MP: 5/10
  3714 | D:4      | Found a snail-covered altar of Cheibriados.
  3794 | D:4      | Reached * piety under Ashenzari
  4166 | D:5      | Entered Level 5 of the Dungeon
  4177 | D:5      | Reached skill level 6 in Stealth
  4342 | D:5      | Reached ** piety under Ashenzari
  4433 | D:5      | Found Paidun's Antique Weapon Shoppe.
  4445 | D:5      | Noticed Blork the orc
  4452 | D:5      | Killed Blork the orc
  4453 | D:5      | Reached skill level 7 in Stealth
  4453 | D:5      | Reached XP level 8. HP: 68/68 MP: 8/11
  4524 | D:5      | Identified the Octavo of Retrieval
  4527 | D:5      | Found a bloodstained altar of Trog.
  4570 | D:5      | Found a white marble altar of Elyvilon.
  4594 | D:5      | Found a sparkling altar of Nemelex Xobeh.
  4982 | D:6      | Reached skill level 8 in Stealth
  5098 | D:6      | Reached skill level 5 in Short Blades
  5474 | D:6      | Reached skill level 9 in Stealth
  5547 | D:6      | Reached XP level 9. HP: 15/76 MP: 12/12
  6006 | D:6      | Learned a level 4 spell: Petrify
  6081 | D:6      | Found a staircase to the Ecumenical Temple.
  6258 | D:6      | Found a basalt altar of Yredelemnul.
  6322 | D:6      | Reached skill level 10 in Stealth
  6732 | D:6      | Reached *** piety under Ashenzari
  7502 | D:6      | Reached skill level 11 in Stealth
  7799 | D:7      | Found a flagged portal.
  7807 | Bailey   | Entered a bailey
  7902 | Bailey   | Reached XP level 10. HP: 27/87 MP: 6/13
  8057 | Bailey   | Noticed an orc knight
  8126 | Bailey   | Found a large runed translucent door.
  8126 | Bailey   | Found a large runed translucent door.
  8126 | Bailey   | Noticed a deep elf pyromancer
  8126 | Bailey   | Identified the +5 scale mail "Wagaocug" {rPois rF+ Dex-3
                  | SInv}
  8127 | Bailey   | Killed a deep elf pyromancer
  8128 | Bailey   | Reached skill level 5 in Fighting
  8448 | D:7      | Reached skill level 12 in Stealth
  8613 | D:7      | Found Japomn's Weapon Boutique.
  9169 | D:7      | Noticed Dowan
  9174 | D:7      | Noticed Duvessa
  9187 | D:7      | Killed Duvessa
  9294 | D:7      | Killed Dowan
  9528 | D:7      | Reached skill level 1 in Armour
 10169 | D:8      | Noticed a boulder beetle
 10513 | D:8      | Reached skill level 5 in Dodging
 11014 | D:8      | Noticed Erica
 11041 | D:8      | Killed Erica
 11233 | D:9      | Reached XP level 11. HP: 97/97 MP: 14/14
 11253 | D:9      | Noticed Maggie
 11265 | D:9      | Identified the +2 arbalest "Yxkaf" {vorpal, rC+}
 11265 | D:9      | Killed Maggie
 11266 | D:9      | Reached skill level 13 in Stealth
 11387 | D:9      | Reached skill level 5 in Earth Magic
 11446 | D:9      | HP: 2/97 [vampire (3)]
 11451 | D:9      | Slain by a vampire

Illustrated notes

Levels and vault maps discovered:
D:1:      lemuel_arrival_room, layout_basic, minmay_vboxes
D:2:      layout_rooms, shapermc_ecumenical_altar_ellora, uniq_natasha
D:3:      minmay_spotlight, layout_loops_ring, nicolae_ashenzari_skybound,
          serial_shops, nicolae_shop_hallway_plus, shop, shop, shop,
          minmay_ruptured, uniq_crazy_yiuf_cottage, uniq_sigmund
D:4:      layout_rooms, mainiacjoe_overflow_24_doors,
          nicolae_figureground_sparkle
D:5:      layout_gridville, general_overflow_altar,
          nemelex_xobeh_ov_fountains_minmay, trog_book, serial_shops,
          shop_statue, uniq_blork_the_orc
D:6:      layout_loops_corners, lemuel_mausoleum_altar_yredelemnul,
          minmay_temple_entry_sparse_star, serial_undead, serial_undead_d,
          serial_undead_c, serial_undead_c, serial_undead_e, serial_undead_a,
          serial_undead_a, serial_undead_d, serial_undead_c,
          hangedman_abyss_or_decor_lesser_grid, minmay_misc_feat_rows
D:7:      layout_loops_ring, enter_bailey_3, serial_shops, shop_coins,
          minmay_between, uniq_duvessa
D:8:      layout_basic, uniq_erica
D:9:      layout_loops_ring, tgw_fedhas, uniq_maggie

Skill      XL: |  1  2  3  4  5  6  7  8  9 10 11 |
---------------+----------------------------------+-----
Short Blades   | 1 2 3 5 6 7 8 |  8.0
Transmutations | 2 3 4 |  4.8
Fighting       | 1 2 3 4 5 |  5.8
Dodging        | 2 3 4 5 |  5.2
Stealth        | 4 5 7 9 11 12 13 | 13.2
Shields        | 1 2 3 4 |  4.0
Earth Magic    | 4 5 |  5.0
Armour         | 2 |  2.6
Spellcasting   | |  2.0

Action                   |  1- 3 |  4- 6 |  7- 9 | 10-12 || total
-------------------------+-------+-------+-------+-------++-------
Melee: Dagger            |    15 |    30 |   266 |   346 ||   657
Throw: Throwing net      |       |       |       |     3 ||     3
 Cast: Sandblast         |    48 |    53 |   109 |    22 ||   232
       Passwall          |       |     3 |    20 |    15 ||    38
Invok: Curse Item        |       |     1 |     4 |     1 ||     6
       Shatter the Chain |       |       |       |     2 ||     2
 Abil: Spit Poison       |       |       |    11 |    16 ||    27
Evoke: Wand              |       |     2 |    12 |     4 ||    18
  Use: Scroll            |       |     4 |     1 |     4 ||     9
       Potion            |       |     2 |     5 |     7 ||    14
 Stab: Sleeping          |       |    10 |    31 |     6 ||    47
       Distracted        |       |     1 |       |       ||     1
       Invisible         |       |       |     1 |    10 ||    11
Armor: Robe              |     7 |     3 |    73 |     2 ||    85
       Scale mail        |       |       |       |   137 ||   137
Dodge: Dodged            |    18 |    13 |   126 |   111 ||   268
Block: Buckler           |     3 |     8 |    64 |    57 ||   132

Table legend: (Time is in decaauts)
 A = Elapsed time spent in this place.
 B = Non-inter-level travel time spent in this place.
 C = Inter-level travel time spent in this place.
 D = Time resting spent in this place.
 E = Time spent auto-exploring this place.
 F = Levels seen in this place.
 G = Mean time per level.
                   A        B        C        D        E       F      G
               +--------+--------+--------+--------+--------+-----+--------+
         Total |  13641 |  12833 |    808 |   2942 |   6954 |  10 | 1364.1 |
       Dungeon |  12984 |  12176 |    808 |   2660 |   6954 |   9 | 1442.7 |
        Bailey |    657 |    657 |      0 |    282 |      0 |   1 |  657.0 |
               +--------+--------+--------+--------+--------+-----+--------+

Top non-repeatable levels by time:
     D:6: 3430 daAuts
     D:1: 1809 daAuts
     D:7: 1675 daAuts
     D:3: 1445 daAuts
     D:8: 1331 daAuts
     D:4: 1099 daAuts
     D:5: 975 daAuts
     D:2: 928 daAuts
  Bailey: 657 daAuts
     D:9: 289 daAuts
